PAAA
ATHLETIC CLUB KC RESERVES @ NAPERVILLE BATTLEKINGS
05/08/2020
 
TOP OF THE 1ST
Athletic Club KC Reserves batting - Pitching for Naperville Battlekings : RHP Jim Unknown
Pitching: RHP Jim Unknown
Batting: RHB Javier Díaz 0-0: Ball
1-0: Ball
2-0: Called Strike
2-1: Fly out, F5 (Line Drive, 56)
Batting: RHB Karl Stevens 0-0: Swinging Strike
0-1: Ball
1-1: Foul Ball, location: 2F
1-2: Ball
2-2: Ground out 3-1 (Groundball, 34S)
Batting: LHB Rafael García 0-0: SINGLE (Groundball, 34D)
Batting: RHB Nick Simmons 0-0: Ball
1-0: Swinging Strike
1-1: Foul Ball, location: 2F
1-2: Foul Ball, location: 2F
1-2: Ball
2-2: Ball
3-2: Strikes out swinging
Top of the 1st over - 0 run(s), 1 hit(s), 0 error(s), 1 left on base; Athletic Club KC 0 - Naperville 0
BOTTOM OF THE 1ST
Naperville Battlekings batting - Pitching for Athletic Club KC Reserves : RHP Carlos Fuentes
Pitching: RHP Carlos Fuentes
Batting: RHB Wayne Bannatyne 0-0: Called Strike
0-1: Reached on Error, E9 (Flyball, 9M)
Batting: RHB Joe Ferneyhough 0-0: Swinging Strike
0-1: Ball
Wayne Bannatyne is caught stealing 2nd base
1-1: Called Strike
1-2: Foul Ball, location: 2F
1-2: Foul Ball, location: 2F
1-2: Ball
2-2: Foul Ball, location: 2F
2-2: Fly out, F7 (Flyball, 78S)
Batting: LHB Cristo Ramírez 0-0: Called Strike
0-1: Fly out, F7 (Popup, 56D)
Bottom of the 1st over - 0 run(s), 0 hit(s), 1 error(s), 0 left on base; Athletic Club KC 0 - Naperville 0
TOP OF THE 2ND
Athletic Club KC Reserves batting - Pitching for Naperville Battlekings : RHP Jim Unknown
Batting: RHB Robert Hill 0-0: Ground out 2-3 (Groundball, 2R)
Batting: RHB Adam Hennessey 0-0: Called Strike
0-1: Foul Ball, location: 2F
0-2: Strikes out swinging
Batting: RHB Jason Dunn 0-0: Called Strike
0-1: Foul Ball, location: 2F
0-2: Strikes out swinging
Top of the 2nd over - 0 run(s), 0 hit(s), 0 error(s), 0 left on base; Athletic Club KC 0 - Naperville 0
BOTTOM OF THE 2ND
Naperville Battlekings batting - Pitching for Athletic Club KC Reserves : RHP Carlos Fuentes
Batting: LHB Steven Johnstone 0-0: Ball
1-0: Ball
2-0: Swinging Strike
2-1: Fly out, F3 (Popup, 23)
Batting: RHB Earnest Veeck 0-0: Called Strike
0-1: Ball
1-1: Ball
2-1: Called Strike
2-2: Foul Ball, location: 2F
2-2: DOUBLE (Line Drive, 89D)
Batting: RHB Carlos Gómez 0-0: 2-RUN HOME RUN (Line Drive, 7LD), Distance : 360 ft
Batting: LHB Jack Mason 0-0: Ball
1-0: Ball
2-0: Foul Ball, location: 2F
2-1: SINGLE (Line Drive, 3D)
Batting: RHB Marcus Wade 0-0: Called Strike
0-1: Ball
1-1: Swinging Strike
1-2: Ball
2-2: Foul Ball, location: 2F
2-2: Foul Ball, location: 2F
2-2: Foul Ball, location: 2F
2-2: Ball
3-2: Foul Ball, location: 2F
3-2: Foul Ball, location: 2F
3-2: SINGLE (Line Drive, 3)
Jack Mason to second
Runner from 2nd tries for 3rd, SAFE, throw made to third
Batting: RHB Sal Haynes 0-0: Foul Ball, location: 2F
0-1: Foul Ball, location: 2F
0-2: Ball
1-2: SINGLE (Line Drive, 9S)
Jack Mason scores
Marcus Wade to second
Batting: RHB Wayne Bannatyne 0-0: Ball
1-0: Ball
2-0: Called Strike
2-1: Foul Ball, location: 2F
2-2: Foul Ball, location: 2F
2-2: Grounds into double play, 4-6-3 (Groundball, 34)
Bottom of the 2nd over - 3 run(s), 5 hit(s), 0 error(s), 1 left on base; Athletic Club KC 0 - Naperville 3
TOP OF THE 3RD
Athletic Club KC Reserves batting - Pitching for Naperville Battlekings : RHP Jim Unknown
Batting: RHB Eddie O'Bryan 0-0: Called Strike
0-1: Ball
1-1: Ball
2-1: Ball
3-1: Base on Balls
Batting: RHB Allen Murphy 0-0: 2-RUN HOME RUN (Flyball, 8LXD), Distance : 433 ft
Batting: RHB Javier Díaz 0-0: SINGLE (Groundball, 5D)
Batting: RHB Karl Stevens 0-0: Called Strike
0-1: DOUBLE (Line Drive, 9LS)
Javier Díaz to third
Batting: LHB Rafael García 0-0: Foul Ball, location: 2F
0-1: Ball
1-1: Ball
2-1: Ball
3-1: Foul Ball, location: 2F
3-2: Foul Ball, location: 2F
3-2: SINGLE (Line Drive, 4M)
Javier Díaz scores
Karl Stevens to third
Batting: RHB Nick Simmons 0-0: Called Strike
0-1: Ball
1-1: Ball
2-1: Called Strike
2-2: SINGLE (Line Drive, 7S)
Karl Stevens scores
Rafael García to second
Batting: RHB Robert Hill 0-0: Called Strike
0-1: Ball
1-1: Fly out, F6 (Popup, 6M)
Batting: RHB Adam Hennessey 0-0: SINGLE (Flyball, 8RS)
Rafael García to third
Nick Simmons to second
Runner from 3rd tries for Home, SAFE, throw made home
Nick Simmons to third
Adam Hennessey to second
Batting: RHB Jason Dunn 0-0: Foul Ball, location: 2F
0-1: Ball
1-1: SINGLE (Groundball, 56D) - runner OUT being hit by batted ball.
Nick Simmons scores
Batting: RHB Eddie O'Bryan 0-0: Foul Ball, location: 2F
0-1: Hit by Pitch
Jason Dunn to second
Batting: RHB Allen Murphy 0-0: Called Strike
0-1: Ball
1-1: Foul Ball, location: 2F
1-2: Strikes out looking
Top of the 3rd over - 6 run(s), 7 hit(s), 0 error(s), 2 left on base; Athletic Club KC 6 - Naperville 3
BOTTOM OF THE 3RD
Naperville Battlekings batting - Pitching for Athletic Club KC Reserves : RHP Carlos Fuentes
Now at C: Stu Henderson
Batting: RHB Joe Ferneyhough 0-0: Called Strike
0-1: Ball
1-1: Ball
2-1: Ball
3-1: SOLO HOME RUN (Flyball, 8LXD), Distance : 430 ft
Batting: LHB Cristo Ramírez 0-0: Ball
1-0: Called Strike
1-1: Called Strike
1-2: SINGLE (Line Drive, 56D)
Batting: LHB Steven Johnstone 0-0: 2-RUN HOME RUN (Flyball, 89XD), Distance : 405 ft
Batting: RHB Earnest Veeck 0-0: Ball
1-0: Called Strike
1-1: Ball
2-1: Called Strike
2-2: Fly out, F9 (Flyball, 9M)
Batting: RHB Carlos Gómez 0-0: Ball
1-0: Swinging Strike
1-1: Called Strike
1-2: Ball
2-2: Strikes out swinging
Batting: LHB Jack Mason 0-0: Called Strike
0-1: Ball
1-1: Bunt for hit - play at first, batter OUT! 1-3
Bottom of the 3rd over - 3 run(s), 3 hit(s), 0 error(s), 0 left on base; Athletic Club KC 6 - Naperville 6
TOP OF THE 4TH
Athletic Club KC Reserves batting - Pitching for Naperville Battlekings : RHP Jim Unknown
Batting: RHB Javier Díaz 0-0: Ball
1-0: Swinging Strike
1-1: Called Strike
1-2: Ball
2-2: Strikes out swinging
Batting: RHB Karl Stevens 0-0: Called Strike
0-1: Foul Ball, location: 2F
0-2: Ball
1-2: Foul Ball, location: 2F
1-2: Ball
2-2: Foul Ball, location: 2F
2-2: DOUBLE (Popup, 3D)
Batting: LHB Rafael García 0-0: Foul Ball, location: 2F
0-1: SINGLE (Groundball, 3D)
Karl Stevens to third
Runner from 3rd tries for Home, SAFE, throw made home
Batting: RHB Nick Simmons 0-0: Called Strike
0-1: Foul Ball, location: 2F
0-2: Ball
1-2: Ball
2-2: Grounds into double play, 6-4-3 (Groundball, 6)
Top of the 4th over - 1 run(s), 2 hit(s), 0 error(s), 0 left on base; Athletic Club KC 7 - Naperville 6
BOTTOM OF THE 4TH
Naperville Battlekings batting - Pitching for Athletic Club KC Reserves : RHP Carlos Fuentes
Batting: RHB Marcus Wade 0-0: Ball
1-0: Foul Ball, location: 2F
1-1: Ball
2-1: SINGLE (Groundball, 6MD)
Batting: RHB Sal Haynes 0-0: SINGLE (Groundball, 56)
Marcus Wade to second
Batting: RHB Wayne Bannatyne 0-0: Called Strike
0-1: Foul Ball, location: 2F
0-2: Ball
1-2: Ball
2-2: Foul Ball, location: 2F
2-2: Foul Ball, location: 2F
2-2: Grounds into double play, U5-3 (Groundball, 5L)
Sal Haynes to second
Batting: RHB Joe Ferneyhough 0-0: Called Strike
0-1: SINGLE (Flyball, 7LM)
Sal Haynes to third
Batting: LHB Cristo Ramírez 0-0: Ball
1-0: Called Strike
1-1: Ball
2-1: Ball
3-1: Fly out, F5 (Line Drive, 56)
Bottom of the 4th over - 0 run(s), 3 hit(s), 0 error(s), 2 left on base; Athletic Club KC 7 - Naperville 6
TOP OF THE 5TH
Athletic Club KC Reserves batting - Pitching for Naperville Battlekings : RHP Jim Unknown
Batting: RHB Robert Hill 0-0: Ball
1-0: Called Strike
1-1: DOUBLE (Groundball, 5L)
Batting: RHB Adam Hennessey 0-0: Called Strike
0-1: Ground out 2-3 (Groundball, 23)
Robert Hill to third
Batting: RHB Jason Dunn 0-0: Called Strike
0-1: Ball
1-1: Fly out, F9 (Flyball, 89M)
Runner from 3rd tags up, SCORES, throw made
Batting: RHB Eddie O'Bryan 0-0: Ball
1-0: Foul Ball, location: 2F
1-1: Swinging Strike
1-2: Strikes out swinging
Top of the 5th over - 1 run(s), 1 hit(s), 0 error(s), 0 left on base; Athletic Club KC 8 - Naperville 6
BOTTOM OF THE 5TH
Naperville Battlekings batting - Pitching for Athletic Club KC Reserves : RHP Carlos Fuentes
Batting: LHB Steven Johnstone 0-0: Called Strike
0-1: Ball
1-1: Ball
2-1: Ball
3-1: Base on Balls
Batting: RHB Earnest Veeck 0-0: Ball
1-0: Ball
2-0: Ball
Wild Pitch!
Steven Johnstone to second
3-0: Called Strike
3-1: Ground out 1-3 (Groundball, 15)
Pitching: RHP Alberto Díaz
Batting: RHB Carlos Gómez 0-0: Called Strike
0-1: Ground out 5-3 (Groundball, 56)
Batting: LHB Jack Mason 0-0: Ball
1-0: Ball
2-0: Foul Ball, location: 2F
2-1: Called Strike
2-2: 2-RUN HOME RUN (Flyball, 8RD), Distance : 435 ft
Batting: RHB Marcus Wade 0-0: Swinging Strike
0-1: Called Strike
0-2: Foul Ball, location: 2F
0-2: Ball
1-2: Foul Ball, location: 2F
1-2: Foul Ball, location: 2F
1-2: Foul Ball, location: 2F
1-2: SINGLE (Groundball, 56D)
Batting: RHB Sal Haynes 0-0: Ground out 6-3 (Groundball, 6)
Bottom of the 5th over - 2 run(s), 2 hit(s), 0 error(s), 1 left on base; Athletic Club KC 8 - Naperville 8
TOP OF THE 6TH
Athletic Club KC Reserves batting - Pitching for Naperville Battlekings : RHP Jim Unknown
Pitching: RHP Waylon Anderson
Batting: RHB Stu Henderson 0-0: Ball
1-0: Ground out 6-3 (Groundball, 6M)
Batting: RHB Javier Díaz 0-0: Swinging Strike
0-1: Bunted foul
0-2: Ground out 1-3 (Groundball, 23)
Batting: RHB Karl Stevens 0-0: Ball
1-0: Called Strike
1-1: Ball
2-1: Foul Ball, location: 2F
2-2: Strikes out looking
Top of the 6th over - 0 run(s), 0 hit(s), 0 error(s), 0 left on base; Athletic Club KC 8 - Naperville 8
BOTTOM OF THE 6TH
Naperville Battlekings batting - Pitching for Athletic Club KC Reserves : RHP Alberto Díaz
Batting: RHB Wayne Bannatyne 0-0: Ball
1-0: Ball
2-0: Called Strike
2-1: SINGLE (Line Drive, 8LS)
Batting: RHB Joe Ferneyhough 0-0: Called Strike
0-1: Ball
1-1: Ball
2-1: Bunted foul
2-2: Foul Ball, location: 2F
2-2: Foul Ball, location: 2F
2-2: Ball
3-2: Fly out, F9 (Flyball, 9M)
Batting: LHB Cristo Ramírez 0-0: Ball
Throwing error on steal attempt, E2
Wayne Bannatyne to third
1-0: Ground out U3 (Groundball, 3S)
Batting: LHB Steven Johnstone 0-0: Swinging Strike
0-1: SINGLE (Line Drive, 56D)
Wayne Bannatyne scores
Batting: RHB Earnest Veeck 0-0: Ball
Steven Johnstone is caught stealing 2nd base
Bottom of the 6th over - 1 run(s), 2 hit(s), 1 error(s), 0 left on base; Athletic Club KC 8 - Naperville 9
TOP OF THE 7TH
Athletic Club KC Reserves batting - Pitching for Naperville Battlekings : RHP Waylon Anderson
Batting: LHB Rafael García 0-0: Ball
1-0: Ball
2-0: Ground out U3 (Groundball, 3S)
Batting: RHB Nick Simmons 0-0: Called Strike
0-1: Swinging Strike
0-2: Foul Ball, location: 2F
0-2: Ball
1-2: Ball
2-2: Ball
3-2: Ground out 6-3 (Groundball, 6)
Batting: RHB Robert Hill 0-0: Ground out 6-3 (Groundball, 6M)
Top of the 7th over - 0 run(s), 0 hit(s), 0 error(s), 0 left on base; Athletic Club KC 8 - Naperville 9
BOTTOM OF THE 7TH
Naperville Battlekings batting - Pitching for Athletic Club KC Reserves : RHP Alberto Díaz
Batting: RHB Earnest Veeck 0-0: Ball
1-0: Foul Ball, location: 2F
1-1: Ground out 6-3 (Groundball, 6)
Pitching: RHP Jeremy Gutiérrez
Batting: RHB Carlos Gómez 0-0: Foul Ball, location: 2F
0-1: Fly out, F7 (Flyball, 78XD)
Batting: LHB Jack Mason 0-0: Ground out 4-3 (Groundball, 34)
Bottom of the 7th over - 0 run(s), 0 hit(s), 0 error(s), 0 left on base; Athletic Club KC 8 - Naperville 9
TOP OF THE 8TH
Athletic Club KC Reserves batting - Pitching for Naperville Battlekings : RHP Waylon Anderson
Pitching: RHP Colt Harris
Batting: RHB Adam Hennessey 0-0: Foul Ball, location: 2F
0-1: Swinging Strike
0-2: Strikes out looking
Pitching: RHP William Taylor
Batting: RHB Jason Dunn 0-0: Ground out 4-3 (Groundball, 4)
Batting: RHB Eddie O'Bryan 0-0: Called Strike
0-1: Ball
1-1: Hit by Pitch
Batting: RHB Stu Henderson 0-0: Called Strike
0-1: Swinging Strike
0-2: Fly out, F8 (Flyball, 8RD)
Top of the 8th over - 0 run(s), 0 hit(s), 0 error(s), 1 left on base; Athletic Club KC 8 - Naperville 9
BOTTOM OF THE 8TH
Naperville Battlekings batting - Pitching for Athletic Club KC Reserves : RHP Jeremy Gutiérrez
Batting: RHB Marcus Wade 0-0: Called Strike
0-1: Ball
1-1: Foul Ball, location: 2F
1-2: Foul Ball, location: 2F
1-2: Foul Ball, location: 2F
1-2: Ball
2-2: SINGLE (Groundball, 4MD)
Pinch Hitting: RHB Tony Sánchez 0-0: Bunt missed!
0-1: Ball
1-1: Ball
2-1: Sac Bunt - play at first, batter OUT! 1-4
Marcus Wade to second
Batting: RHB Wayne Bannatyne 0-0: Ball
1-0: Called Strike
1-1: Swinging Strike
1-2: Strikes out swinging
Batting: RHB Joe Ferneyhough 0-0: Ball
1-0: Ball
2-0: Fly out, F9 (Flyball, 9M)
Bottom of the 8th over - 0 run(s), 1 hit(s), 0 error(s), 1 left on base; Athletic Club KC 8 - Naperville 9
TOP OF THE 9TH
Athletic Club KC Reserves batting - Pitching for Naperville Battlekings : RHP William Taylor
Pitching: RHP Ramón Elizondo
Now at 2B: Tony Sánchez
Pinch Hitting: LHB Eduardo López 0-0: Ball
1-0: Swinging Strike
1-1: Foul Ball, location: 2F
1-2: Ground out 6-3 (Groundball, 6)
Batting: RHB Karl Stevens 0-0: DOUBLE (Line Drive, 89M)
Batting: LHB Rafael García 0-0: Called Strike
0-1: Called Strike
0-2: Strikes out looking
Batting: RHB Nick Simmons 0-0: Ball
1-0: Called Strike
1-1: Ground out 1-3 (Groundball, 13)
Top of the 9th over - 0 run(s), 1 hit(s), 0 error(s), 1 left on base; Athletic Club KC 8 - Naperville 9
This league is powered by Out of the Park Baseball, the baseball management simulation game for PC, Mac and Linux
Friday, October 23rd, 2015 - OOTP Baseball 16.9 Build 39